[Event "FIDE Zonal 4-2 Open 2023"]
[Site "Dimbroko"]
[Date "2023.03.27"]
[Round "1.9"]
[White "Bobby Ballah"]
[Black "Koita Idrissa"]
[Result "1-0"]
[ECO "B22"]
[WhiteElo "1914"]
[BlackElo "1611"]
[Annotator "TA"]
[PlyCount "53"]
[EventDate "2023.03.25"]
[EventType "swiss"]
[SourceTitle "playchess.com"]
[Source "ChessBase"]
[SourceQuality "1"]
[TimeControl "40/5400+30:1800+30"]

1. e4 c5 2. c3 Nc6 3. d4 cxd4 4. cxd4 d5 5. exd5 Qxd5 6. Nf3 e6 7. Nc3 Bb4 8. Bd3 Bxc3+ 9. bxc3 Nge7 10. O-O O-O 11. Re1 {[%emt 0:07:37] B22: Sicilian: 2 c3.} Qh5 12. Ba3 {[%emt 0:01:30] [#]} Bd7 $146 (12... Rd8 $16) ({Predecessor:} 12... Rd8 13. c4 Ng6 14. Qd2 Qa5 15. Qxa5 Nxa5 16. Rad1 Bd7 17. Bb4 Nc6 18. Bc3 Nce7 {½-½ Lorenz,D-Studer,K Liechtenstein op 11th 1993 (1)}) 13. Qb3 (13. Rb1 $18) 13... Rab8 {[%emt 0:00:55] This move loses the game for Black.} (13... Qa5 $16 {keeps fighting.} 14. Ne5 (14. Qxb7 Qxa3 15. Qxd7 Qxc3 $11) 14... Rfd8) 14. Ne5 Rfd8 15. Nxd7 Rxd7 {[%emt 0:00:20] [#]} 16. Rxe6 $1 {[%emt 0:02:07][%cal Oa3e7][%mdl 512] Threatens to win with Bxe7!} Na5 {[%emt 0:01:13] [#]} 17. Qa4 (17. Rxe7 $2 Nxb3 18. axb3 Rxe7 19. Bxe7 Qh6 $19) 17... Rxd4 (17... b5 18. Bxb5 (18. Rxe7 bxa4 19. Rxd7 Qg5 $16) (18. Qxa5 fxe6 19. Bc5 Nd5 $11) 18... Qxb5 19. Qxb5 (19. Rxe7 $2 {too greedy.} Qxa4 20. Rxd7 Qxd7 $19) 19... Rxb5 20. Rxe7 Rxe7 21. Bxe7 Rb2) 18. cxd4 $18 fxe6 19. Bxe7 {[%emt 0:00:07] A strong pair of Bishops.} Nc6 20. Bd6 Rd8 21. Bc5 e5 22. d5 Nd4 23. Bxd4 {[%emt 0:00:10] d6 is the strong threat.} exd4 24. Qxd4 b6 25. d6 {[%emt 0:00:28] Threatening mate with Re1.} Qc5 26. Qh4 h6 27. Qxd8+ {[%emt 1:08:36] Weighted Error Value: White=0.43/Black=1.47} 1-0

[Event "FIDE Zonal 4-2 Open 2023"]
[Site "Dimbroko"]
[Date "2023.03.27"]
[Round "1.11"]
[White "James, Tondo"]
[Black "Semeko, Lumen Paco"]
[Result "0-1"]
[ECO "A36"]
[WhiteElo "1867"]
[BlackElo "1483"]
[Annotator "NA RC COMBH"]
[PlyCount "84"]
[EventDate "2023.03.25"]
[EventType "swiss"]
[SourceTitle "playchess.com"]
[Source "ChessBase"]
[SourceQuality "1"]
[TimeControl "40/5400+30:1800+30"]

1. c4 Nf6 2. Nc3 c5 3. g3 g6 4. Bg2 Bg7 5. e4 Nc6 6. Nge2 O-O 7. O-O d6 8. d3 a6 9. h3 Rb8 10. a4 Bd7 11. Be3 e5 12. f4 exf4 13. gxf4 Nh5 14. Nd5 Bxb2 15. Rb1 Bg7 16. Qd2 Nd4 17. Bxd4 cxd4 18. a5 f5 19. Rb6 Bc6 20. Bf3 Rf7 21. Nb4 Rc8 22. Nxc6 Rxc6 23. Rxc6 bxc6 24. exf5 Rxf5 25. Bxc6 Qxa5 26. Qb2 Qc5 27. Bd5+ Kh8 28. Qb7 a5 29. Rb1 Nxf4 30. Nxf4 Rxf4 31. Qd7 Qa3 32. Bf7 Bf8 33. Qe8 Kg7 34. Bd5 Qxd3 35. Rb7+ Kh6 36. Bg2 Qe3+ 37. Qxe3 dxe3 38. Bf1 Bg7 39. Rb3 Bd4 40. Be2 Rf2 41. Bg4 e2 42. Bxe2 Rf3+ 0-1

[Event "FIDE Zonal 4-2 Open 2023"]
[Site "Dimbroko"]
[Date "2023.03.27"]
[Round "2.1"]
[White "Joel O. Ebiekuta"]
[Black "Ortega Amarelle, Mariano"]
[Result "0-1"]
[ECO "B43"]
[WhiteElo "1855"]
[BlackElo "2472"]
[Annotator "TA"]
[PlyCount "102"]
[EventDate "2023.03.25"]
[EventType "swiss"]
[SourceTitle "playchess.com"]
[Source "ChessBase"]
[SourceQuality "1"]
[TimeControl "40/5400+30:1800+30"]

1. e4 c5 2. Nf3 e6 3. Nc3 a6 4. d4 cxd4 5. Nxd4 Qc7 6. a3 Nf6 7. Be3 {[%emt 0:06:09] Recently 7.f4 got a lot of attention.} b5 8. g3 {[%emt 0:01:36] B43: Sicilian: Kan Variation: 5 Nc3.} b4 9. axb4 Bxb4 {[%emt 0:00:15] [#]} 10. Qd3 $146 {[%emt 0:00:13] The position is equal.} ({Predecessor:} 10. Bg2 Bb7 11. O-O Bxc3 12. bxc3 Bxe4 13. Bxe4 Nxe4 14. Qg4 Kf8 15. Qxe4 d5 16. Nb5 {1-0 Curriah,M (2043)-Perelygin,I (2303) Titled Tuesday intern op 01st Sept blitz 2020 (8)}) 10... Nxe4 {[%emt 0:34:32][%mdl 64] [#] Deflection} 11. Nde2 ({Much weaker is} 11. Qxe4 Bb7 12. Qd3 (12. Nc6 $2 Nxc6 13. f3 Bxc3+ 14. bxc3 Ne5 $19) 12... Bxh1 $17) (11. Bg2 $11 d5 12. O-O Nxc3 13. Bf4) 11... Bb7 $19 12. Rg1 O-O 13. Ra4 (13. O-O-O $142 Nxc3 14. Nxc3) 13... Bxc3+ ({Black should try} 13... Nc5 $19 14. Bxc5 Bxc5) 14. bxc3 $2 (14. Nxc3 $17 {was the only chance.} Nc5 15. Bxc5 (15. Qc4 d6 $17) 15... Qxc5 16. Qd4) 14... d5 15. f3 Nc5 16. Bxc5 Qxc5 17. Qd4 Qc7 18. f4 Nd7 19. h4 (19. Bg2 {was called for.}) 19... Nc5 20. Ra1 f6 21. Bh3 e5 22. Qb4 (22. Qd1 {was necessary.}) 22... a5 23. Qa3 exf4 24. Nxf4 Rfe8+ 25. Kf2 Ne4+ 26. Kg2 Qxc3 $2 (26... Nxg3 27. Be6+ Kh8 28. Kxg3 Rxe6) 27. Qxc3 Nxc3 28. Ne6 Re7 29. Nc5 (29. Ra3 $142) 29... d4+ 30. Nxb7 Rxb7 31. Rge1 a4 32. Kf2 Rd8 (32... Rb2 $142 33. Re7 d3 34. Be6+ Kh8) 33. Bf5 g6 34. Bd3 f5 35. Re6 Kg7 {[%emt 0:01:57] ...Ra8 is the strong threat.} 36. Kf3 Rdd7 37. Kf4 Re7 38. Rd6 Rbd7 39. Rxd7 Rxd7 {[%emt 0:00:03][%mdl 4096] Endgame KRB-KRN. Black is clearly winning.} 40. Ke5 Rd5+ 41. Ke6 Ra5 42. Ra3 Ne4 43. Bc4 h6 44. Bd5 Nc3 45. Bc4 g5 46. hxg5 hxg5 47. Bd3 Ne4 48. Bc4 g4 49. Bf1 Kg6 50. Bc4 Kg5 51. Bf1 {[%emt 0:00:00] [#]} Nxg3 $1 {[%emt 0:00:00][%mdl 512] Black took control after the opening.   Weighted Error Value: White=0.65/Black=0.35} 0-1

[Event "FIDE Zonal 4-2 Open 2023"]
[Site "Dimbroko"]
[Date "2023.03.27"]
[Round "2.2"]
[White "Abdulraheem Abdulrahman Akinto"]
[Black "Nean, Franck Anderson"]
[Result "1-0"]
[ECO "B94"]
[WhiteElo "2302"]
[BlackElo "1851"]
[Annotator "TA"]
[PlyCount "75"]
[EventDate "2023.03.25"]
[EventType "swiss"]
[SourceTitle "playchess.com"]
[Source "ChessBase"]
[SourceQuality "1"]
[TimeControl "40/5400+30:1800+30"]

1. e4 c5 2. Nf3 d6 3. d4 cxd4 4. Nxd4 Nf6 5. Nc3 a6 6. Bg5 Nbd7 7. Qe2 $1 {[%emt 0:02:14] B94: Sicilian Najdorf: 6 Bg5 Nbd7.} Qa5 8. f4 e6 (8... h6 $11 {keeps the balance.} 9. Bh4 e5) 9. O-O-O $16 {[%emt 0:00:49][%cal Be1c1,Bc1b1,Bb1b2][%mdl 32] White is better.} Be7 10. g4 h6 11. Bxf6 (11. Bh4 {seems wilder.} g5 12. fxg5 hxg5 13. Nb3) 11... gxf6 {[%emt 0:01:59] [#]} 12. Bg2 $146 ({Predecessor:} 12. Kb1 Nc5 13. h4 Bd7 14. Rh3 O-O-O 15. a3 Qb6 16. f5 Rhe8 17. Qc4 Kb8 18. Qb4 {½-½ Almeida Toledano,D (2326)-Rafiee,M (2148) Foment Martinenc 15th 2013 (4)}) 12... Qc7 13. Kb1 Nb6 14. h4 Bd7 15. Rh3 Rc8 {[%emt 0:02:53] [#]} (15... Rg8 $16) 16. g5 $1 $18 Nc4 {[%emt 0:30:45][%cal Rh6g5] [#]} (16... fxg5 17. hxg5) 17. b3 $2 (17. g6 $1 $16 fxg6 18. f5) 17... Na3+ $11 18. Kb2 Qa5 {[%emt 0:01:12] [#]} (18... b5 $142 $1 19. Kxa3 b4+ 20. Kb2 bxc3+ 21. Ka1 Qa5 22. gxh6 Rc5) 19. g6 $1 fxg6 {[%emt 0:03:12] White must now prevent ...e5.} 20. Qg4 (20. f5 $14 e5 21. Ne6) 20... Rg8 $15 21. Nxe6 ({Better is} 21. h5 $15 e5 22. Nf5) 21... h5 $19 {[%emt 0:01:10][%mdl 64] Deflection} ({Inferior is} 21... Nxc2 22. f5 $15) 22. Qf3 Bxe6 23. f5 Bf7 24. e5 dxe5 (24... Nxc2 25. Qxb7 Qa3+ 26. Kb1 $16) 25. Qxb7 Rd8 (25... Qc7 $19 26. Qxc7 Rxc7 27. fxg6 Bxg6) 26. Rxd8+ $11 {[%emt 0:01:06][%mdl 64] Remove Defender} Bxd8 (26... Qxd8 $2 27. Rd3 Bd6 28. Bc6+ Kf8 29. Ne4 $18 (29. Qxa6 gxf5 30. Ba4 Ke7 $11)) 27. Rd3 (27. Bd5 $11 Qc7 28. Qxa6) 27... Kf8 $15 {[%emt 0:01:00] ...Nb5 would be deadly.} (27... gxf5 $2 28. Qd7+ Kf8 29. Qxd8+ Qxd8 30. Rxd8+ Be8 31. Bd5 $18) 28. Qc8 Kg7 {[%emt 0:00:44] Threatens to win with ...Bc7.} 29. Rd7 {[%emt 0:01:01] Prevents Bc7. aiming for Bd5.} Nb5 (29... Be7 $5 30. Qb7 Nc4+ 31. bxc4 Qa3+ 32. Kb1 Qb4+ 33. Qxb4 Bxb4 $17) 30. Nxb5 $1 $40 {[%emt 0:02:20][%mdl 128] Black needs to defend precisely. Active counter play!} axb5 {[%emt 0:02:48][%mdl 8192] [#]} (30... Qxb5 $11 31. fxg6 Kxg6 32. Rxd8 Rxd8 33. Qxd8 (33. Be4+ Kg7 $11) 33... Qb4) 31. Qb7 $1 $18 Rf8 32. Bd5 Kh6 33. Rxf7 {[%emt 0:00:37] Black is weak on the light squares. White mates.} Rxf7 34. Qxf7 gxf5 35. Qf8+ Kh7 36. Bg8+ Kh8 37. Bf7+ Kh7 38. Qg8+ {[%emt 0:00:07] Ingenious play by Abdulraheem Abdulrahman Akinto!   Weighted Error Value: White=0.32/Black=0.65} 1-0

[Event "FIDE Zonal 4-2 Open 2023"]
[Site "Dimbroko"]
[Date "2023.03.27"]
[Round "2.3"]
[White "Manan, Yoboue Hermann"]
[Black "AKA JUSTIN JEAN-ROBERT KOUMI"]
[Result "1-0"]
[ECO "C48"]
[WhiteElo "2015"]
[BlackElo "1833"]
[Annotator "TA"]
[PlyCount "45"]
[EventDate "2023.03.25"]
[EventType "swiss"]
[SourceTitle "playchess.com"]
[Source "ChessBase"]
[SourceQuality "1"]
[TimeControl "40/5400+30:1800+30"]

1. e4 e5 2. Nf3 Nf6 3. Nc3 Nc6 4. Bb5 Nd4 5. Nxe5 Nxb5 (5... Qe7 $1 $11 6. Nf3 (6. f4 Nxb5 7. Nxb5 d6 $11) 6... Nxb5 7. Nxb5 Qxe4+ 8. Qe2 Qxe2+ 9. Kxe2 Nd5) 6. Nxb5 $14 {[%emt 0:00:00] C48: Four Knights: 4 Bb5, replies other than 4...Bb4.} c6 7. Nc3 {[%emt 0:00:00] White has more active pieces. The black rooks are badly placed.} Qe7 8. f4 (8. Nf3 $16) 8... d6 $11 9. Nf3 Nxe4 10. Nxe4 (10. O-O $1 $11 Nxc3 11. dxc3) 10... Qxe4+ $17 {[%emt 0:00:44] [#]} 11. Kf2 $146 {[%emt 0:00:00] Hoping for Re1.} ({Predecessor:} 11. Qe2 Bf5 12. d3 Qxe2+ 13. Kxe2 Kd7 14. h3 Re8+ 15. Kf2 c5 16. g4 Be6 17. c4 {½-½ Bratimirova,D (2032)-Georgiev,S (2150) Kesarovski Georgiev Memorial 8th 2009 (6)}) 11... Qxf4 12. d4 {[%emt 0:00:00] [#]} Qf5 (12... Qe4 $2 13. Re1 $18) 13. c4 d5 ({Black should try} 13... Be7 $17 {White must now prevent ...0-0.} 14. Re1 Be6) 14. Re1+ $15 Be6 $2 {[%emt 0:01:23][%mdl 8192] [#] Loses the game.} (14... Be7 $1 $15 {keeps the upper hand.}) 15. Re5 $1 $18 Qg6 {[%emt 0:02:13] ...Bd6 is the strong threat.} 16. cxd5 cxd5 17. Bg5 {[%emt 0:00:00] White threatens Qa4+ and mate.} f6 $2 (17... Bd6 $2 18. Nh4 Bxe5 19. Nxg6 hxg6 20. dxe5 $18) (17... Rc8 18. Qa4+ Rc6) 18. Rxe6+ Kd7 19. Qe2 (19. Qb3 $142 Qf5 20. Rae1 Kc7 21. Rc1+ {[%mdl 64] Deflection} Kd8 22. Qxb7 {[%mdl 64] Trapped Piece, Double Attack} Qxe6 23. Qxa8+ Ke7 24. Qb7+ Qd7 25. Re1+ Kd8 26. Qb8+ Qc8 27. Re8+ {[%mdl 64] Skewer, Deflection} Kxe8 28. Qxc8+ Kf7 29. Ne5+ fxe5 30. Qf5+ Ke8 31. Qe6+ Be7 32. Qxe7#) 19... Qf5 {[%emt 0:00:46] [#]} 20. Re1 $1 {[%emt 0:00:00] Threatening mate with Qb5+.} fxg5 (20... Rd8 21. g4) 21. Qb5+ {[%emt 0:00:00] White mates.} Kd8 22. Qe8+ {[%emt 0:00:00][%mdl 64] Skewer} Kc7 23. Rc1+ {[%emt 0:00:00] Artfully played by Manan.   Weighted Error Value: White=0.26 (precise) /Black=1.30} 1-0

[Event "FIDE Zonal 4-2 Open 2023"]
[Site "Dimbroko"]
[Date "2023.03.27"]
[Round "2.4"]
[White "Kennedy Zinnah Kengo"]
[Black "Cogan, Nicolas"]
[Result "0-1"]
[ECO "B22"]
[WhiteElo "1785"]
[BlackElo "2013"]
[Annotator "TA"]
[PlyCount "89"]
[EventDate "2023.03.25"]
[EventType "swiss"]
[SourceTitle "playchess.com"]
[Source "ChessBase"]
[SourceQuality "1"]
[TimeControl "40/5400+30:1800+30"]

1. e4 c5 2. Nf3 Nc6 3. c3 Nf6 4. e5 Nd5 5. Be2 g6 (5... d6 $5 ) 6. O-O {[%emt 0:00:32] B22: Sicilian: 2 c3.} Bg7 7. d4 O-O ({Better is} 7... cxd4 $11 8. Qb3 Nb6) 8. Re1 (8. dxc5 $14 e6 9. Bg5) 8... cxd4 $15 9. cxd4 d6 10. exd6 Qxd6 11. Nc3 Bf5 {[%emt 0:03:46] [#]} (11... Rd8 $15) 12. a3 $146 (12. Bc4 $11 Nc7 13. Be3) ({Predecessor:} 12. Bc4 Nxc3 13. bxc3 Rac8 14. Bb3 b5 15. Bg5 Rfe8 16. Bh4 Na5 17. Ne5 Bxe5 18. Rxe5 Rxc3 {½-½ Ji,D (2374)-Motylev,A (2645) CHN-chT China 2013 (20.6)}) 12... Rfd8 {[%emt 0:01:24] Black is much more active. The white rooks are badly placed.} 13. Bg5 Nf4 {[%emt 0:05:07][%cal Rc6d4] Black keeps a firm grip on the game.} 14. Bf1 h6 (14... Bxd4 $6 15. Bxe7 Nxe7 16. Qxd4 Qxd4 17. Nxd4 $11) 15. Bh4 ({White should try} 15. Nb5 $15 Qb8 16. Bxe7) 15... g5 $17 16. Bg3 Bg4 (16... Bxd4 17. Nb5 Qf6 18. Nbxd4 $11) 17. Bxf4 Qxf4 (17... gxf4 18. h3 Bh5 19. d5 Bxc3 20. bxc3 Qxd5 21. Qxd5 Rxd5 22. Nd4 $17) 18. Re4 Bxf3 {[%emt 0:00:00][%mdl 64] [#] Deflection} 19. Qxf3 Qxf3 20. gxf3 Rxd4 (20... Nxd4 21. Rxe7 Nxf3+ 22. Kg2 Nh4+ 23. Kg1) 21. Bb5 e6 22. Bxc6 bxc6 23. Rxd4 Bxd4 $19 {[%emt 0:00:00][%mdl 4096] Endgame KRB-KRN} 24. Rd1 e5 25. Rd2 (25. Rc1 $142) 25... Rb8 26. Nd1 Rb3 27. Kg2 Kg7 28. Rc2 c5 29. Ne3 Kf6 ({Weaker is} 29... Rxb2 30. Nf5+ Kf6 31. Nxd4 $16) ({Worse is} 29... Bxb2 30. Rxc5 Bd4 31. Ra5 $19) 30. Nc4 Ke6 31. Rc1 Kd5 ({Inferior is} 31... Bxb2 32. Nxb2 Rxb2 33. Rxc5 $17) 32. Rc2 f5 33. Ne3+ Bxe3 34. fxe3 Rxe3 {[%emt 0:00:00] KR-KR} 35. Rd2+ Kc4 36. Rd7 Re2+ 37. Kg1 Rxb2 38. Rxa7 Kd3 {[%emt 0:12:00] [#] Strongly threatening ...c4.} 39. a4 c4 40. a5 c3 {[%emt 0:00:00] ( -> ...c2)} 41. a6 c2 42. Rc7 Rb1+ 43. Kf2 c1=Q 44. Rd7+ Kc4 45. Rc7+ {[%emt 0:01:07] Weighted Error Value: White=0.88/Black=0.11 (very precise)} 0-1

[Event "FIDE Zonal 4-2 Open 2023"]
[Site "Dimbroko"]
[Date "2023.03.27"]
[Round "2.6"]
[White "Harold Evans"]
[Black "Bobby Ballah"]
[Result "1/2-1/2"]
[ECO "D00"]
[WhiteElo "1714"]
[BlackElo "1914"]
[Annotator "TA"]
[PlyCount "137"]
[EventDate "2023.03.25"]
[EventType "swiss"]
[SourceTitle "playchess.com"]
[Source "ChessBase"]
[SourceQuality "1"]
[TimeControl "40/5400+30:1800+30"]

1. d4 Nf6 2. Nc3 d5 3. Bd2 e6 4. e3 c5 5. dxc5 Bxc5 6. Bd3 {[%emt 0:00:09] [#] D00: 1 d4 d5: Unusual lines.} O-O $146 ({Predecessor:} 6... Bd7 7. Qe2 O-O 8. O-O-O h6 {0-1 Lukyanchuk,N-Razumichin,A (2288) RUS-Cup2 email 2002}) 7. Qe2 (7. Nf3 $11) 7... e5 8. f3 {[%emt 0:02:09] Black is better.} Nc6 9. O-O-O Be6 10. Kb1 Rc8 11. Nh3 d4 (11... h6 $17 {And now ...Nb4 would win.} 12. Nf2 Be7) 12. exd4 $11 exd4 (12... Qxd4 13. Ng5 $16) (12... Nxd4 {with more complications.} 13. Qxe5 Bxh3 14. gxh3 Nxf3 15. Qg3 Nxd2+ 16. Rxd2 Qb6) 13. Ne4 Bb4 (13... Re8 $11) 14. Nf4 $16 Bf5 $2 (14... Re8 $16) 15. g4 $2 ({White has to play} 15. Nxf6+ $1 $18 Qxf6 16. Nd5) 15... Bxe4 $11 16. fxe4 Re8 17. g5 Nd7 18. Rhg1 Nde5 19. Nd5 (19. Rg2 {simplifies} Bxd2 20. Qxd2 Qa5 21. Qxa5 Nxa5 22. h4) 19... Nxd3 20. Qxd3 Ne5 21. Qh3 (21. Qxd4 $2 Bc5 22. Nf6+ gxf6 23. gxf6+ Kh8 24. Qxd8 Rcxd8 $19) 21... Bc5 22. Rg3 Ng6 23. Qg4 Qd6 (23... Ne7 {simplifies} 24. Nf4 Bd6 25. Rg2 Bxf4 26. Bxf4 Nc6) 24. Rh3 $36 {[%emt 0:06:14][%mdl 2048] Threatening Rf1. White has the initiative.} Re6 $2 (24... Qe6 $11 {and Black is okay.} 25. Qh5 Nf8) 25. Rf1 Qa6 26. Rhf3 (26. Qf3 $1 $18 Ne5 27. Qf5) 26... Ne5 27. Qf5 {[%emt 0:01:57] Dancing on a razor blade.} Nxf3 28. Rxf3 (28. Qxf3 $2 Rxe4 29. Qxf7+ (29. Qf5 $2 Qe6 $19) 29... Kh8 $19) 28... Ree8 $2 (28... Qc6 $11) 29. Qxf7+ $2 (29. Nf6+ Qxf6 30. gxf6) 29... Kh8 $18 {[%emt 0:00:19] ...Bd6 would be deadly.} 30. Nc7 Qc6 31. Nxe8 Rxe8 {[%emt 0:01:01] [#]} 32. e5 {[%emt 0:04:57][%mdl 512] Strongly threatening b4.} Rc8 (32... Qe6 33. b4) 33. Qf5 {[%emt 0:04:13][%cal Og5g6] Threatens to win with g6!} Be7 (33... Kg8 $16 34. Qf7+ Kh8) 34. c3 (34. h4 $18) 34... g6 $16 35. Qd3 dxc3 36. Bxc3 {[%emt 0:00:50] Intending e6+ and mate.} Qe6 37. h4 Rd8 (37... Rc4 $16) 38. Qe4 (38. Qb5 $1 $18) 38... Rd5 (38... b5 $16) 39. Kc2 Kg8 40. Rd3 (40. Qa4 $18 {and White stays clearly on top. White threatens Qe8+ and mate.} Rd7 41. Qb3 (41. Qxa7 $2 Qd5 $19) 41... Qxb3+ 42. Kxb3) 40... Rxd3 41. Qxd3 {[%emt 0:30:16][%mdl 4096] Endgame KQB-KQB} (41. Kxd3 $16 b6 42. Ke2 (42. Qc4 Kf7 $16)) 41... h6 (41... Qxa2 $11 {keeps the balance.} 42. Qd7 Qf7) 42. Qe4 hxg5 43. hxg5 (43. Qxb7 gxh4 44. Qxa7 h3 45. Qa8+ Kh7 $19) 43... Qf5 $2 (43... a6 $14) 44. Qxf5 $18 gxf5 {[%emt 0:00:05] [#] KB-KB} 45. Bd2 Kf7 46. Kd3 Kg6 {[%emt 0:02:09] [#]} 47. e6 $1 f4 48. Ke4 $2 (48. Bxf4 $18 Kf5 49. Be3) 48... Bxg5 $11 49. Kd5 {[%emt 0:00:00] Black must now prevent Kd6.} f3 50. Be1 {[%emt 0:00:00] aiming for Kd6.} ({Avoid the trap} 50. Bxg5 $2 f2 51. Bd2 f1=Q $19) 50... Be7 51. Bf2 a6 52. a3 Kf5 53. a4 a5 54. b3 Kf4 55. Kc4 Ke5 56. Kb5 (56. Kd3 $11) 56... Kxe6 ({Better is} 56... Kd6 $15 57. Kxa5 Kc6) 57. Kxa5 {[%emt 0:00:00] The position is equal.} Kd7 {[%emt 0:00:12] ( -> ...Kc6)} 58. Kb5 Kc7 59. a5 Bd6 60. b4 $1 Kb8 61. Kc4 Kc7 62. b5 Kd7 63. Kd5 {[%emt 0:00:00] next a6 is good for White.} Bb4 64. a6 bxa6 65. bxa6 {[%emt 0:00:00] White wants to mate with a7.} Kc7 66. Kc4 (66. a7 $5 Kb7 $8 67. Ke5 $11) 66... Bd6 67. Kb5 (67. a7 $5 Kb7 $8 68. Be3 $11) 67... Kb8 68. Kc6 Bf4 69. Kd5 {[%emt 0:00:08] White really could win this.   Weighted Error Value: White=0.65/Black=0.50} 1/2-1/2

[Event "FIDE Zonal 4-2 Open 2023"]
[Site "Dimbroko"]
[Date "2023.03.27"]
[Round "2.7"]
[White "Semeko, Lumen Paco"]
[Black "Ble, Kouko Hubert"]
[Result "0-1"]
[ECO "A13"]
[WhiteElo "1483"]
[BlackElo "1825"]
[Annotator "NA COMBH"]
[PlyCount "142"]
[EventDate "2023.03.25"]
[EventType "swiss"]
[SourceTitle "playchess.com"]
[Source "ChessBase"]
[SourceQuality "1"]
[TimeControl "40/5400+30:1800+30"]

1. b3 Nf6 2. Bb2 d5 3. Nf3 e6 4. e3 Be7 5. c4 O-O 6. Be2 Nbd7 7. O-O b6 8. d4 Bb7 9. Nbd2 c5 10. Re1 Qc7 11. Rc1 Rac8 12. cxd5 exd5 13. dxc5 bxc5 14. h3 Qb6 15. Ne5 Nxe5 16. Bxe5 Nd7 17. Bf4 Nf6 18. Nf3 Rfd8 19. Qc2 Ne4 20. Red1 d4 21. Bd3 f5 22. Bc4+ Kf8 23. exd4 cxd4 24. Qd3 Bf6 25. Be5 Bxe5 26. Nxe5 Qf6 27. Nf3 Nc5 28. Qd2 Bxf3 29. gxf3 g6 30. Qh6+ Qg7 31. Qg5 h6 32. Qf4 Rc6 33. Bb5 Ne6 34. Qd2 Rcd6 35. Qb4 Qf6 36. Rc6 Nf4 37. Bf1 Kg7 38. Rc7+ R8d7 39. Rxd7+ Rxd7 40. Re1 Qd6 41. Qc4 Kf6 42. Qg8 Kg5 43. Kh1 Qd5 44. Qxd5 Rxd5 45. Rd1 d3 46. Rd2 Kh4 47. Kh2 a5 48. a3 Rd4 49. Bg2 Kg5 50. Bf1 Kf6 51. b4 axb4 52. axb4 Rxb4 53. h4 Rd4 54. Kg3 g5 55. hxg5+ hxg5 56. Kh2 Ke5 57. Kg3 Rd5 58. Kh2 Kd4 59. Bxd3 Nxd3 60. Kg3 Kc3 61. Rd1 Kc2 62. Rh1 f4+ 63. Kg2 Kd2 64. Ra1 Ne1+ 65. Kh3 Nxf3 66. Kg4 Ke2 67. Ra3 Nd2 68. f3 Rd3 69. Ra5 Nxf3 70. Ra2+ Nd2 71. Rb2 f3 0-1